 Dungeon Crawl Stone Soup version 0.31-a0-232-gb1c03b2570 (webtiles) character file.

Game seed: 13555390901998345872

9809 Morbidden the Destroyer (level 11, -8/70 HPs)
             Began as an Octopode Conjurer on July 7, 2023.
             Was an Elder of Vehumet.
             Mangled by a wyvern (12 damage)
             ... on level 1 of the Lair of Beasts.
             The game lasted 00:22:22 (13109 turns).

Morbidden the Destroyer (Octopode Conjurer)        Turns: 13109, Time: 00:22:23

Health: -8/70      AC:  1    Str:  6    XL:     11   Next: 52%
Magic:  6/22       EV: 15    Int: 24    God:    Vehumet [****..]
Gold:   1524       SH:  6    Dex: 18    Spells: 7/24 levels left

rFire   . . .        b - +2 short sword (elec)
rCold   . . .        f - +0 buckler
rNeg    . . .        (helmet restricted)
rPois   .            (no amulet)
rElec   .            j - +6 ring of dexterity
rCorr   .            D - +4 ring of slaying
SInv    .            (no ring)
Will    .....        (no ring)
Stlth   ++++         (no ring)
HPRegen 0.31/turn    (no ring)
MPRegen 0.18/turn    (no ring)
                     (no ring)

%: no passive effects
@: no status effects
A: almost no armour, amphibious, 8 rings, camouflage 1, gelatinous body 1,
(nimble swimmer 1), tentacles
a: Renounce Religion


You were on level 1 of the Lair of Beasts.
You worshipped Vehumet.
Vehumet was greatly pleased with you.
You visited 3 branches of the dungeon, and saw 12 of its levels.
You also visited: Bailey.

You collected 1524 gold pieces.

Inventory:

Hand Weapons
 a - a +0 long sword
 b - a +2 short sword of electrocution (weapon)
 m - the +0 dagger "Ischun" {holy, rElec rN+}
   (You found it on level 4 of the Dungeon)

   rElec:     It insulates you from electricity.
   rN:        It protects you from negative energy.
 y - a +4 dagger
 B - a +4 short sword
Missiles
 o - 29 poisoned darts (quivered)
 s - a throwing net
 z - 23 boomerangs
 A - 4 curare-tipped darts
Armour
 f - a +0 buckler (worn)
Magical Staves
 c - a staff of conjuration
Jewellery
 j - a +6 ring of dexterity (left tentacle)
 D - a +4 ring of slaying (right tentacle)
 F - a ring of resist corrosion
Wands
 e - a wand of charming (1)
 g - a wand of polymorph (3)
Scrolls
 d - a scroll of revelation
 k - a scroll of noise
 n - a scroll of immolation
 q - 2 scrolls of amnesia
 u - a scroll of vulnerability
 x - a scroll of poison
Potions
 h - a potion of lignification
 i - 3 potions of resistance
 l - 2 potions of might
 p - a potion of mutation {unknown}
 r - 2 potions of invisibility {unknown}
 t - 5 potions of curing
 v - 2 potions of enlightenment {unknown}
 w - a potion of ambrosia {unknown}
 C - a potion of degeneration {unknown}
 E - 2 potions of attraction {unknown}


   Skills:
 * Level 4.9 Fighting
 * Level 5.3(6.1) Short Blades
 * Level 4.4(5.6) Long Blades
 + Level 0.6 Throwing
 * Level 5.2 Dodging
 + Level 5.4 Stealth
 * Level 5.0 Shields
 * Level 7.3 Spellcasting
 * Level 8.1 Conjurations
 * Level 4.6 Summonings
 * Level 4.2 Translocations
 * Level 3.6 Fire Magic
 * Level 2.5 Earth Magic


You had 7 spell levels left.
You knew the following spells:

 Your Spells              Type           Power      Damage    Failure   Level
a - Stone Arrow           Conj/Erth      68%        3d11      1%          3
b - Flame Wave            Conj/Fire      37%        2d10      2%          4
c - Call Imp              Summ           62%        N/A       2%          2
d - Magic Dart            Conj           100%       1d8       1%          1
e - Searing Ray           Conj           96%        2d7       1%          2
x - Foxfire               Conj/Fire      100%       2x1d9     1%          1
z - Iskenderun's Mystic   Conj/Tloc      38%        2d9       2%          4

Your spell library contained the following spells:

 Spells                   Type           Power      Damage    Failure   Level
 Ignite Poison            Fire/Tmut/Pois 14%        N/A       5%          3
 Sandblast                Erth           40%        2d10      1%          1
 Summon Small Mammal      Summ           100%       N/A       1%          1
 Dazzling Flash           Conj/Hex       56%        N/A       1%          3
 Mephitic Cloud           Conj/Pois/Air  21%        N/A       3%          3
 Call Canine Familiar     Summ           31%        N/A       4%          3
 Fulminant Prism          Conj/Hex       14%        3d9       5%          4
 Passwall                 Tmut/Erth      11%        N/A       10%         2
 Summon Guardian Golem    Hex/Summ       20%        N/A       13%         3


Dungeon Overview and Level Annotations

Branches:
Dungeon (10/15)            Temple (1/1) D:4            Lair (1/5) D:10
 Bailey (visited)
    Orc: D:9-12

Altars:
Ashenzari
Cheibriados
Dithmenos
Elyvilon
Fedhas
Gozag
Hepliaklqana
Kikubaaqudgha
Makhleb
Nemelex Xobeh
Okawaru
Qazlal
Ru
Trog
Uskayaw
Vehumet
Wu Jian
Xom
Yredelemnul
Zin
The Shining One

Shops:
D:4 (   D:9 *

Annotations:
Lair:1 1 transporter


Innate Abilities, Weirdness & Mutations

You cannot wear most types of armour.
You are amphibious.
You can wear up to eight rings at the same time.
Your skin changes colour to match your surroundings (Stealth+).
Your rubbery body absorbs attacks. (AC +1, EV +1)
((You are camouflaged when in or above water. (Stealth+)))
You have tentacles for arms and can constrict up to eight enemies at once.


Message History

Press: ? - help, Shift-Dir - straight line, f - wolf
Aim: a wolf (chance to affect: 49%)
The wolf resists with some effort.
Unknown command.
Aiming: Charm
Press: ? - help, Shift-Dir - straight line, f/p - wolf
Aim: a wolf (chance to affect: 49%)
The wolf resists with some effort.
Unknown command.
Aiming: Charm
Press: ? - help, Shift-Dir - straight line, f/p - wolf
Aim: a wolf (chance to affect: 49%)
The wolf resists with some effort.
The wolf bites you. The wolf misses you. You block the wolf's attack.
Unknown command.
Unknown command.
Aiming: Charm
Press: ? - help, Shift-Dir - straight line, f - wolf, p - wolf
Aim: a wolf (chance to affect: 49%)
The wolf is charmed.
The wolf barely misses you. The wyvern bites you!!
* * * LOW HITPOINT WARNING * * *
The wolf bites you!
* * * LOW HITPOINT WARNING * * *
Unknown command.
Unknown command.
Unknown command.
Casting: Flame Wave (dangerous; 2% risk of failure)
Confirm with . or Enter, or press ? or * to list all spells.
Really blast near your wolf?
Okay, then.
Unknown command.
Unknown command.
Unknown command.
Casting: Iskenderun's Mystic Blast (dangerous; 2% risk of failure)
Confirm with . or Enter, or press ? or * to list all spells.
Really blast near your wolf?
Okay, then.
Unknown command.
The wolf barely misses you. The wyvern bites you!
You die...

###.#P.#...###.###.....
........#.## ####......
...##.P....##.###.......
#...................... .
..
###.####..########.#...##
.. #.#.#. ##...##
#P....##.
#.#^....##.....#
##.#..#.^
#..........hl..# #.#..##.
#..###.#.h@### #.....#
#..†.......# ##.....#
#..†.###.### #.#...###
#...## ### ####..#4.
...... #...##. .......
##...## #.##.## #P....# #
## ##...## #...#


You could see a wyvern, a wolf and a friendly wolf (charmed).

Vanquished Creatures
  A skyshark (Lair:1)
  A komodo dragon (Lair:1)
  A troll (D:10)
  2 hornets
  Grinder (D:5)
  A vampire (D:9)
  14 yaks
  A wyvern (D:9)
  A steam dragon (D:8)
  2 wargs (D:10)
  6 water moccasins
  An acid dragon (D:9)
  8 orc warriors
  4 ice beasts
  A black bear (D:6)
  3 sky beasts
  5 ogres
  A centaur (D:10)
  6 kobold brigands
  A phantom (D:6)
  6 bullfrogs
  5 scorpions
  4 wights (D:5)
  6 killer bees (D:9)
  2 jellies
  2 howler monkeys (D:9)
  5 hounds
  7 orc priests
  A sleepcap (D:3)
  10 orc wizards
  Terence (D:2)
  4 iguanas
  4 gnolls (D:4)
  9 adders
  A shadow imp (D:8)
  2 white imps
  An ufetubus (D:6)
  A worm (D:2)
  2 dart slugs
  42 orcs
  9 endoplasms
  6 giant cockroaches
  10 goblins
  5 hobgoblins
  7 jackals
  30 kobolds
  6 quokkas
  2 ball pythons
  6 bats
  4 frilled lizards
  10 rats
271 creatures vanquished.

Vanquished Creatures (others)
  An orc (D:9)
  317 foxfires
318 creatures vanquished.

Grand Total: 589 creatures vanquished

Notes
Turn   | Place    | Note
-------+----------+-------------------------------------------
     0 | D:1      | Morbidden the Octopode Conjurer began the quest for the
                  | Orb.
     0 | D:1      | Reached XP level 1. HP: 11/11 MP: 3/3
   400 | D:1      | Reached XP level 2. HP: 13/18 MP: 0/5
   474 | D:1      | Learned a level 2 spell: Searing Ray
   900 | D:1      | Reached XP level 3. HP: 22/22 MP: 6/6
  1669 | D:2      | Reached XP level 4. HP: 27/27 MP: 3/7
  1788 | D:2      | Noticed Terence
  2033 | D:3      | Reached skill level 1 in Fighting
  2131 | D:2      | Reached skill level 1 in Shields
  2168 | D:2      | Reached skill level 1 in Short Blades
  2320 | D:2      | Killed Terence
  2697 | D:3      | Reached XP level 5. HP: 33/33 MP: 8/8
  3199 | D:3      | Learned a level 4 spell: Iskenderun's Mystic Blast
  3223 | D:4      | Found a staircase to the Ecumenical Temple.
  3230 | D:4      | Identified the +0 dagger "Ischun" {holy, rElec rN+}
  3240 | Temple   | Entered the Ecumenical Temple
  3240 | Temple   | Found a transporter.
  3240 | Temple   | Found a transporter.
  3242 | Temple   | Found a transporter.
  3242 | Temple   | Found a transporter.
  3266 | Temple   | Became a worshipper of Vehumet
  3390 | D:4      | Found Warcherip's Weapon Boutique.
  3491 | D:4      | Learned a level 2 spell: Call Imp
  3899 | D:4      | Reached XP level 6. HP: 38/38 MP: 10/10
  3906 | D:4      | Reached * piety under Vehumet
  3906 | D:4      | Offered knowledge of Foxfire by Vehumet.
  4126 | D:5      | Entered Level 5 of the Dungeon
  4134 | D:5      | Reached skill level 1 in Long Blades
  4144 | D:5      | Reached skill level 1 in Summonings
  4144 | D:5      | Reached skill level 1 in Translocations
  4282 | D:5      | Reached XP level 7. HP: 23/44 MP: 6/11
  4752 | D:5      | Reached skill level 5 in Conjurations
  5361 | D:5      | Learned a level 1 spell: Foxfire
  5367 | D:5      | Reached XP level 8. HP: 50/50 MP: 7/13
  5474 | D:5      | Noticed Grinder
  5486 | D:5      | Paralysed by Grinder for 2 turns
  5497 | D:5      | Killed Grinder
  5623 | D:5      | Found a hide-covered altar of Uskayaw.
  5930 | D:5      | Reached skill level 1 in Fire Magic
  6353 | D:6      | Reached skill level 5 in Stealth
  6483 | D:6      | Reached skill level 6 in Conjurations
  6552 | D:6      | Reached XP level 9. HP: 55/55 MP: 9/15
  6595 | D:6      | Found a glowing golden altar of the Shining One.
  6793 | D:6      | Learned a level 3 spell: Stone Arrow
  7084 | D:6      | Found a shimmering altar of Xom.
  7132 | D:6      | Found a basalt altar of Yredelemnul.
  7281 | D:6      | Offered knowledge of Poisonous Vapours by Vehumet.
  7281 | D:6      | Reached ** piety under Vehumet
  7412 | D:7      | Reached skill level 5 in Spellcasting
  8414 | D:8      | Noticed a hornet
  8451 | D:8      | Found a flagged portal.
  8495 | D:8      | Offered knowledge of Volatile Blastmotes by Vehumet.
  8565 | D:8      | Killed a hornet
  8566 | D:8      | Reached skill level 1 in Earth Magic
  8566 | D:8      | Reached XP level 10. HP: 43/63 MP: 10/18
  8633 | Bailey   | Entered a bailey
  8898 | Bailey   | Found a burning altar of Makhleb.
  8906 | Bailey   | Reached *** piety under Vehumet
  9578 | D:8      | Reached skill level 7 in Conjurations
  9780 | D:8      | Found a stormy altar of Qazlal.
 10021 | D:8      | Found a snail-covered altar of Cheibriados.
 10023 | D:8      | Found a blossoming altar of Fedhas.
 10048 | D:8      | Found an iron altar of Okawaru.
 10050 | D:8      | Found a burning altar of Makhleb.
 10294 | D:10     | Entered Level 10 of the Dungeon
 10518 | D:9      | Offered knowledge of Flame Wave by Vehumet.
 11474 | D:9      | Reached skill level 5 in Short Blades
 11698 | D:9      | Found Urilinem's Demolitions Depot.
 11734 | D:9      | Reached XP level 11. HP: 70/70 MP: 15/21
 11740 | D:9      | Learned a level 4 spell: Flame Wave
 12045 | D:10     | Reached **** piety under Vehumet
 12046 | D:10     | Reached skill level 5 in Dodging
 12283 | D:10     | Found a staircase to the Lair.
 12439 | D:10     | Offered knowledge of Ignite Poison by Vehumet.
 12440 | D:10     | Reached skill level 8 in Conjurations
 12807 | Lair:1   | Entered Level 1 of the Lair of Beasts
 12849 | Lair:1   | Found a transporter.
 12949 | Lair:1   | Noticed a skyshark
 12956 | Lair:1   | Killed a skyshark
 12957 | Lair:1   | Reached skill level 5 in Shields
 13108 | Lair:1   | HP: 3/70 [wolf (10)]
 13109 | Lair:1   | Mangled by a wyvern

Illustrated notes

Levels and vault maps discovered:
D:1:      dpeg_arrival_ratfight, layout_basic
D:2:      kennysheep_big_flooded_room, layout_basic, uniq_terence
D:3:      layout_loops_ring
D:4:      layout_basic, minmay_temple_entry_offerings, serial_bayou,
          serial_bayou_pond_e, serial_bayou_pond_c, serial_bayou_lake_a,
          serial_bayou_shore_b, serial_shops, nicolae_shop_just_a_little_nook
D:5:      layout_basic, mainiacjoe_overflow_small_starburst,
          nicolae_nh_ransacked_shop, uniq_grinder
D:6:      layout_rooms, mainiacjoe_overflow_six_doors_small, marbit_many_paths,
          mainiacjoe_overflow_tiny_flanked
D:7:      layout_rooms, hellmonk_bongcloud_opening
D:8:      layout_layer_cave, nicolae_qazlal_eye_of_the_storm,
          nicolae_overflow_hidden_temple, enter_bailey_4, chequers_garden
D:9:      layout_irregular_city, nicolae_blasting_shop
D:10:     layout_cross, erik_lair_orcish_takeover
Temple:   hellmonk_temple_divided_pantheon
Lair:1:   layout_loops_ring, gammafunk_ghost_abyssal_escape,
          beast_lair_carwin_4, uniq_maggie

Skill      XL: |  1  2  3  4  5  6  7  8  9 10 11 |
---------------+----------------------------------+-----
Fighting       | 1 2 3 4 |  4.9
Shields        | 1 2 3 4 5 |  5.0
Short Blades   | 1 2 3 4 5 |  5.3
Stealth        | 3 4 5 |  5.4
Long Blades    | 1 2 3 4 |  4.4
Dodging        | 3 4 5 |  5.2
Spellcasting   | 3 4 5 6 7 |  7.3
Summonings     | 1 2 3 4 |  4.6
Translocations | 1 2 3 4 |  4.2
Conjurations   | 5 6 7 8 |  8.1
Fire Magic     | 1 2 3 |  3.6
Earth Magic    | 1 2 |  2.5
Throwing       | |  0.6

Action                     |  1- 3 |  4- 6 |  7- 9 | 10-12 || total
---------------------------+-------+-------+-------+-------++-------
  Melee: Unarmed           |     8 |       |       |       ||     8
         Constrict         |    12 |    16 |    12 |     1 ||    41
         Short sword       |    40 |    67 |    43 |    22 ||   172
         Tentacles         |    10 |    16 |    13 |     4 ||    43
         Long sword        |       |     3 |     6 |     2 ||    11
         Dagger            |       |       |     1 |       ||     1
         Punch             |       |       |     1 |       ||     1
  Throw: Boomerang         |       |       |       |    14 ||    14
         Dart              |       |       |       |    10 ||    10
   Cast: Magic Dart        |    37 |    32 |    36 |       ||   105
         Searing Ray       |     2 |    15 |    25 |     2 ||    44
         Foxfire           |       |       |   118 |    58 ||   176
         Stone Arrow       |       |       |    20 |    64 ||    84
         Call Imp          |       |       |     4 |     1 ||     5
         Iskenderun's Myst |       |       |       |    18 ||    18
         Flame Wave        |       |       |       |    10 ||    10
  Evoke: Wand              |       |       |       |     4 ||     4
    Use: Potion            |       |     2 |     1 |     3 ||     6
         Scroll            |       |       |    12 |     8 ||    20
   Stab: Sleeping          |     5 |    14 |     6 |       ||    25
 Armour: Skin              |     6 |     6 |     6 |    15 ||    33
  Dodge: Dodged            |    21 |    52 |    59 |    58 ||   190
  Block: Buckler           |     4 |    17 |    24 |    19 ||    64

Table legend: (Time is in decaauts)
 A = Elapsed time spent in this place.
 B = Non-inter-level travel time spent in this place.
 C = Inter-level travel time spent in this place.
 D = Time resting spent in this place.
 E = Time spent auto-exploring this place.
 F = Levels seen in this place.
 G = Mean time per level.
                   A        B        C        D        E       F      G
               +--------+--------+--------+--------+--------+-----+--------+
         Total |  13105 |  12861 |    244 |   1860 |   9124 |  13 | 1008.1 |
       Dungeon |  12244 |  12009 |    235 |   1736 |   8647 |  10 | 1224.4 |
        Temple |     43 |     34 |      9 |      0 |      1 |   1 |   43.0 |
          Lair |    301 |    301 |      0 |      0 |    251 |   1 |  301.0 |
        Bailey |    514 |    514 |      0 |    124 |    225 |   1 |  514.0 |
               +--------+--------+--------+--------+--------+-----+--------+

Top non-repeatable levels by time:
     D:5: 2213 daAuts
    D:10: 1431 daAuts
     D:8: 1272 daAuts
     D:9: 1271 daAuts
     D:1: 1232 daAuts
     D:2: 1103 daAuts
     D:6: 1051 daAuts
     D:7: 937 daAuts
     D:4: 876 daAuts
     D:3: 853 daAuts
  Bailey: 514 daAuts
  Lair:1: 301 daAuts
  Temple: 43 daAuts
